 Dungeon Crawl Stone Soup version 0.18.1-2-ga659475 (webtiles) character file.

3145 Heskey the Spear-Bearer (level 9, -2/76 HPs)
             Began as a Merfolk Gladiator on May 8, 2016.
             Was a Priest of Okawaru.
             Slain by an orc warrior
             ... wielding a +0 dire flail
              (19 damage)
             ... on level 8 of the Dungeon.
             The game lasted 00:15:46 (7861 turns).

Heskey the Spear-Bearer (Merfolk Gladiator)         Turns: 7861, Time: 00:15:46

Health: -2/76      AC: 21    Str: 23      XL:     9   Next: 93%
Magic:  9/9        EV: 19    Int:  8      God:    Okawaru [***...]
Gold:   413        SH:  6    Dex: 20 (21) Spells: 0 memorised, 8 levels left

rFire  . . .     SeeInvis .     a - +1 trident
rCold  . . .     Gourm    .     r - +2 plate armour
rNeg   . . .     Faith    .     p - +0 buckler
rPois  .         Spirit   .     (helmet restricted)
rElec  .         Dismiss  .     G - +0 cloak
rCorr  .         Reflect  .     (no gloves)
SustAt .         Harm     .     g - +2 pair of boots
MR     .....                    (no amulet)
Stlth  ..........               u - +1 ring of evasion
                                l - +4 ring of evasion

@: mighty, agile, not resistant to hostile enchantments, extremely unstealthy
A: change form in water, swift swim, antennae 1, yellow scales 1, agile 1,
MP-powered wands
a: Heroism, Renounce Religion


You were on level 8 of the Dungeon.
You worshipped Okawaru.
Okawaru was most pleased with you.
You were very hungry.

You visited 1 branch of the dungeon, and saw 8 of its levels.

You collected 413 gold pieces.

Inventory:

Hand Weapons
 a - a +1 trident (weapon)
Missiles
 d - 3 throwing nets (quivered)
Armour
 b - a +0 leather armour
 c - a +0 helmet
 g - a +2 pair of boots (worn)
 j - a +0 helmet
 p - a +0 buckler (worn)
 r - a +2 plate armour (worn)
 G - a +0 cloak (worn)
Rods
 B - a +0 rod of ignition (12/12)
   (You found it on level 7 of the Dungeon)
Jewellery
 k - an uncursed ring of flight
 l - a +4 ring of evasion (left hand)
 u - a +1 ring of evasion (right hand)
 A - an uncursed ring of poison resistance
Wands
 D - a wand of iceblast (2/15)
Scrolls
 i - 5 scrolls of identify
 m - a scroll of magic mapping
 v - a scroll of recharging
 y - 3 scrolls of immolation
 z - a scroll of teleportation
 F - a scroll of remove curse
 H - a scroll of fog {unknown}
Potions
 e - a potion of might
 n - 2 potions of brilliance
 x - 2 potions of curing
 E - a potion of cure mutation {unknown}
Comestibles
 f - 10 bread rations
 h - 2 beef jerkies
 o - 3 meat rations
 q - a royal jelly
 s - 2 slices of pizza
 t - 5 fruits


   Skills:
 * Level 9.0 Fighting
 + Level 9.7 Polearms
 - Level 2.0 Throwing
 * Level 5.6 Armour
 - Level 4.0 Dodging
 + Level 5.0 Shields


You had 8 spell levels left.
You didn't know any spells.

Dungeon Overview and Level Annotations

Branches:
Dungeon (8/15)             Temple (0/1) D:4
   Lair: D:8-11

Altars:
Cheibriados
Elyvilon
Fedhas
Okawaru
Pakellas
Qazlal
Ru
Vehumet
The Shining One

Shops:
D:6 [

Annotations:
D:5 exclusion: statue


Innate Abilities, Weirdness & Mutations

You revert to your normal form in water.
You are very nimble and swift while swimming.
You have a pair of small antennae on your head.
You are partially covered in yellow scales (AC +2).
You are agile. (Dex +2)
You expend magic power (3 MP) to strengthen your wands.


Message History

You barely miss the orc warrior.
The orc warrior is heavily wounded.
You block the orc warrior's attack.
You closely miss the orc warrior.
The orc warrior is heavily wounded.
The orc warrior hits you with a dire flail!
* * * LOW HITPOINT WARNING * * *
The orc warrior hits you but does no damage.
You are too injured to fight recklessly!
You are too injured to fight recklessly!
Drink which item? (? for menu, Esc to quit)
It was a potion of agility.
You feel agile all of a sudden. The orc warrior misses you. x2
Drink which item? (? for menu, Esc to quit)
It was a potion of beneficial mutation.
A pair of antennae grows on your head!
Your +0 helmet falls away!
You feel fantastic!
The orc warrior hits you with a dire flail!!
You die...

....... ..# >.....#
#.# ....#.# ###.#
....... ...#
....#.#####..#
....#........#
#...#........#
.............########
#...##.....(..o.@o..#
.)..##.......######.#
....#######..# #.#
...##### #.## #.#
..)...... .(. #.#
##..........## #o#
##.########## #.#
##.# #.# # .# #.#


You could see 2 orc warriors.

Vanquished Creatures
  A spriggan (D:7)
  The ghost of esc the Poker, an amateur HOGl of Makhleb (D:4)
  A water moccasin (D:7)
  An orc warrior (D:7)
  2 phantoms
  An ice beast (D:8)
  2 sky beasts
  3 ogres
  3 centaurs
  4 giant frogs
  2 scorpions
  A wyvern skeleton (D:8)
  4 killer bees
  A quasit (D:8)
  3 crimson imps
  3 orc priests
  A centaur skeleton (D:4)
  5 orc wizards
  2 hounds (D:8)
  Jessica (D:3)
  A gnoll shaman (D:4)
  Ijyb (D:3)
  4 worker ants
  3 iguanas
  A killer bee zombie (D:8)
  A hound zombie (D:6)
  A hound skeleton (D:5)
  11 gnolls
  9 adders
  2 shadow imps (D:8)
  5 worms
  2 dart slugs (D:2)
  A giant gecko (D:5)
  32 orcs
  6 giant cockroaches
  11 goblins
  15 hobgoblins
  15 jackals
  9 kobolds
  A quokka (D:5)
  2 ball pythons
  9 bats
  A giant gecko skeleton (D:7)
  A giant gecko zombie (D:7)
  7 giant newts
  6 rats
199 creatures vanquished.

Notes
Turn   | Place    | Note
--------------------------------------------------------------
     0 | D:1      | Heskey the Merfolk Gladiator began the quest for the Orb.
     0 | D:1      | Reached XP level 1. HP: 16/16 MP: 1/1
    95 | D:1      | Reached XP level 2. HP: 23/23 MP: 2/2
   410 | D:1      | Reached skill level 5 in Polearms
   579 | D:1      | Reached XP level 3. HP: 29/29 MP: 3/3
  1513 | D:2      | Reached skill level 1 in Armour
  1513 | D:2      | Reached XP level 4. HP: 35/35 MP: 4/4
  1577 | D:2      | Found a white marble altar of Elyvilon.
  2008 | D:2      | Found a sacrificial altar of Ru.
  2453 | D:3      | Reached XP level 5. HP: 28/42 MP: 5/5
  2610 | D:3      | Found an iron altar of Okawaru.
  2618 | D:3      | Became a worshipper of Warmaster Okawaru
  3137 | D:3      | Reached XP level 6. HP: 48/49 MP: 6/6
  3161 | D:3      | Reached skill level 1 in Shields
  3206 | D:3      | Noticed Ijyb
  3224 | D:3      | Killed Ijyb
  3373 | D:3      | Reached * piety under Okawaru
  3385 | D:3      | Noticed Jessica
  3394 | D:3      | Killed Jessica
  3394 | D:3      | Reached skill level 5 in Fighting
  3528 | D:4      | Noticed a phantom
  3581 | D:4      | Killed a phantom
  3581 | D:4      | Reached XP level 7. HP: 54/56 MP: 7/7
  3811 | D:4      | Noticed esc's ghost (amateur HOGl)
  3839 | D:4      | Killed esc's ghost
  4078 | D:4      | Reached ** piety under Okawaru
  4079 | D:4      | Gained mutation: You are agile. (Dex +2) [potion of mutation]
  4079 | D:4      | Gained mutation: You are partially covered in yellow scales (AC +2). [potion of mutation]
  4079 | D:4      | Gained mutation: You expend magic power (3 MP) to strengthen your wands. [potion of mutation]
  4138 | D:4      | Found a staircase to the Ecumenical Temple.
  4151 | D:4      | You fall through a shaft for 3 floors!
  4213 | D:7      | Got a steaming leather armour
  4214 | D:7      | Identified the +1 leather armour of Love and Death {*Corrode MP+9 Int+7} (You found it on level 7 of the Dungeon)
  4352 | D:5      | Entered Level 5 of the Dungeon
  4422 | D:4      | Found a blossoming altar of Fedhas.
  4431 | D:4      | Reached XP level 8. HP: 64/64 MP: 8/8
  4477 | D:4      | Found a glowing golden altar of the Shining One.
  4602 | D:4      | Found a snail-covered altar of Cheibriados.
  5071 | D:5      | Found a stormy altar of Qazlal.
  5156 | D:5      | Found an oddly glowing altar of Pakellas.
  5225 | D:5      | Found a radiant altar of Vehumet.
  5814 | D:6      | Found Zigenah's Armour Boutique.
  5907 | D:6      | Reached XP level 9. HP: 72/72 MP: 9/9
  6706 | D:7      | Reached *** piety under Okawaru
  6952 | D:7      | Reached skill level 5 in Armour
  7724 | D:8      | Reached skill level 5 in Shields
  7861 | D:8      | Gained mutation: You have a pair of small antennae on your head. [potion of beneficial mutation]
  7861 | D:8      | Slain by an orc warrior

Skill      XL: |  1  2  3  4  5  6  7  8  9 |
---------------+----------------------------+-----
Polearms       | 5 6 7 8 9 |  9.7
Fighting       | 3 4 5 6 7 9 |  9.0
Armour         | 1 2 4 5 |  5.6
Shields        | 2 4 5 |  5.0
Throwing       | |  2.0
Dodging        | |  4.0

Action                   |  1- 3 |  4- 6 |  7- 9 || total
-------------------------+-------+-------+-------++-------
Melee: Trident           |   141 |   251 |   648 ||  1040
  Use: Scroll            |     4 |     2 |    10 ||    16
       Potion            |     2 |       |    12 ||    14
 Stab: Sleeping          |     4 |     2 |       ||     6
  Eat: Chunk             |     2 |     7 |    13 ||    22
       Fruit             |       |       |     1 ||     1
Armor: Leather armour    |    24 |     4 |       ||    28
       Scale mail        |       |    11 |       ||    11
       Plate armour      |       |    47 |   213 ||   260
Dodge: Dodged            |    76 |    93 |   242 ||   411
Block: Buckler           |       |    28 |   111 ||   139
